[gd_scene load_steps=13 format=3 uid="uid://bg76rawiparbt"]

[ext_resource type="PackedScene" uid="uid://fvdw0uev3myc" path="res://game/characters/npcs/patients/patient_base.tscn" id="1_beqoc"]
[ext_resource type="SpriteFrames" uid="uid://c22kalc44bqml" path="res://game/characters/npcs/patients/individual_patients/sampson/sampson_animation.tres" id="2_mx3xs"]
[ext_resource type="Theme" uid="uid://dofsib3vtf7fp" path="res://ui/fonts/themes/on_top_of_npc_theme.tres" id="3_klacn"]
[ext_resource type="PackedScene" uid="uid://cfnw2wq83vxea" path="res://game/actionable/dialogue/dialogue_actionable.tscn" id="4_1m56u"]

[sub_resource type="Animation" id="Animation_pb66m"]
resource_name = "idle"
tracks/0/type = "value"
tracks/0/imported = false
tracks/0/enabled = true
tracks/0/path = NodePath("AnimatedSprite2D:animation")
tracks/0/interp = 1
tracks/0/loop_wrap = true
tracks/0/keys = {
"times": PackedFloat32Array(0),
"transitions": PackedFloat32Array(1),
"update": 1,
"values": [&"idle"]
}

[sub_resource type="Animation" id="Animation_vwtre"]
resource_name = "run_back"
tracks/0/type = "value"
tracks/0/imported = false
tracks/0/enabled = true
tracks/0/path = NodePath("AnimatedSprite2D:animation")
tracks/0/interp = 1
tracks/0/loop_wrap = true
tracks/0/keys = {
"times": PackedFloat32Array(0),
"transitions": PackedFloat32Array(1),
"update": 1,
"values": [&"run_back"]
}

[sub_resource type="Animation" id="Animation_euapr"]
resource_name = "run_front"
tracks/0/type = "value"
tracks/0/imported = false
tracks/0/enabled = true
tracks/0/path = NodePath("AnimatedSprite2D:animation")
tracks/0/interp = 1
tracks/0/loop_wrap = true
tracks/0/keys = {
"times": PackedFloat32Array(0),
"transitions": PackedFloat32Array(1),
"update": 1,
"values": [&"run_front"]
}

[sub_resource type="Animation" id="Animation_pbyl2"]
resource_name = "run_left"
tracks/0/type = "value"
tracks/0/imported = false
tracks/0/enabled = true
tracks/0/path = NodePath("AnimatedSprite2D:animation")
tracks/0/interp = 1
tracks/0/loop_wrap = true
tracks/0/keys = {
"times": PackedFloat32Array(0),
"transitions": PackedFloat32Array(1),
"update": 1,
"values": [&"run_left"]
}

[sub_resource type="Animation" id="Animation_rywy8"]
resource_name = "run_right"
tracks/0/type = "value"
tracks/0/imported = false
tracks/0/enabled = true
tracks/0/path = NodePath("AnimatedSprite2D:animation")
tracks/0/interp = 1
tracks/0/loop_wrap = true
tracks/0/keys = {
"times": PackedFloat32Array(0),
"transitions": PackedFloat32Array(1),
"update": 1,
"values": [&"run_right"]
}

[sub_resource type="Animation" id="Animation_6r0r6"]
tracks/0/type = "value"
tracks/0/imported = false
tracks/0/enabled = true
tracks/0/path = NodePath("AnimatedSprite2D:animation")
tracks/0/interp = 1
tracks/0/loop_wrap = true
tracks/0/keys = {
"times": PackedFloat32Array(0),
"transitions": PackedFloat32Array(1),
"update": 1,
"values": [&"sweeping"]
}

[sub_resource type="AnimationLibrary" id="AnimationLibrary_act5x"]
_data = {
"idle": SubResource("Animation_pb66m"),
"run_back": SubResource("Animation_vwtre"),
"run_front": SubResource("Animation_euapr"),
"run_left": SubResource("Animation_pbyl2"),
"run_right": SubResource("Animation_rywy8"),
"sweeping": SubResource("Animation_6r0r6")
}

[sub_resource type="CircleShape2D" id="CircleShape2D_0spap"]

[node name="Sampson" node_paths=PackedStringArray("_animated_sprite", "animation_player", "speech_label") instance=ExtResource("1_beqoc")]
dialogue_id = 3
patient_id = 2
_animated_sprite = NodePath("AnimatedSprite2D")
animation_player = NodePath("AnimationPlayer")
speech_label = NodePath("SpeechLabel")

[node name="NavigationAgent2D" parent="." index="1"]
path_desired_distance = 30.0

[node name="AnimatedSprite2D" type="AnimatedSprite2D" parent="." index="2"]
position = Vector2(1, -69)
scale = Vector2(5, 5)
sprite_frames = ExtResource("2_mx3xs")
animation = &"idle"

[node name="AnimationPlayer" type="AnimationPlayer" parent="." index="3"]
libraries = {
"": SubResource("AnimationLibrary_act5x")
}

[node name="SpeechLabel" type="Label" parent="." index="4"]
anchors_preset = 8
anchor_left = 0.5
anchor_top = 0.5
anchor_right = 0.5
anchor_bottom = 0.5
offset_left = -19.0
offset_top = -161.0
offset_right = 21.0
offset_bottom = -138.0
grow_horizontal = 2
grow_vertical = 2
theme = ExtResource("3_klacn")
horizontal_alignment = 1
vertical_alignment = 1

[node name="DialogueActionable" parent="." index="7" instance=ExtResource("4_1m56u")]
dialogue_id = 3
interaction_name = "Cpt Sampson"

[node name="CollisionShape2D" type="CollisionShape2D" parent="DialogueActionable" index="0"]
position = Vector2(1, -67)
scale = Vector2(7, 7)
shape = SubResource("CircleShape2D_0spap")

[node name="QuestLabel" parent="." index="10"]
offset_top = -210.0
offset_bottom = -90.0
